 Dungeon Crawl Stone Soup version 0.30.1-11-g7821555f0a (webtiles) character file.

Game seed: 4276968703148878677

122 lonewolfV2 the Trooper (level 5, -1/43 HPs)
             Began as a Formicid Fighter on Dec 6, 2023.
             Slain by a river rat (8 damage)
             ... on level 3 of the Dungeon.
             The game lasted 00:02:48 (1757 turns).

lonewolfV2 the Trooper (Formicid Fighter)           Turns: 1757, Time: 00:02:49

Health: -1/43      AC: 12    Str: 20    XL:     5   Next: 27%
Magic:  5/5        EV:  7    Int:  8    God:
Gold:   114        SH:  5    Dex: 15    Spells: 4/4 levels left

rFire   . . .        a - +1 war axe
rCold   . . .        c - +0 buckler
rNeg    . . .        q - +0 chain mail
rPois   .            (helmet unavailable)
rElec   .            f - +1 cloak
rCorr   .            (no gloves)
SInv    +            (no boots)
Will    .....        (no amulet) Stlth
                     (no ring)
HPRegen 0.27/turn    (no ring)
MPRegen 0.09/turn

%: no passive effects
@: no status effects
A: permanent stasis, dig shafts and tunnels, antennae 3, four strong arms
a: Dig, Shaft Self


You were on level 3 of the Dungeon.
You visited 1 branch of the dungeon, and saw 3 of its levels.

You collected 114 gold pieces.

Inventory:

Hand Weapons
 a - a +1 war axe (weapon)
Armour
 c - a +0 buckler (worn)
 f - a +1 cloak (worn)
 q - a +0 chain mail (worn)
Jewellery
 i - a ring of fire
Scrolls
 g - 2 scrolls of immolation
 j - a scroll of magic mapping
Potions
 d - a potion of might
 e - a potion of brilliance
 h - a potion of lignification
 k - a potion of attraction
 l - a potion of mutation {unknown}
 m - a potion of degeneration
 o - a potion of magic {unknown}


   Skills:
 + Level 4.9 Fighting
 - Level 2.0 Axes
 + Level 4.9 Armour
 - Level 4.0 Shields


You had 4 spell levels left.
You didn't know any spells.
Your spell library contained the following spells:

 Spells                   Type           Power      Damage    Failure   Level
 Sublimation of Blood     Necr           0%         N/A       99%         2
 Wereblood                Tmut           0%         N/A       99%         2
 Summon Hydra             Summ           0%         N/A       100%        7


Dungeon Overview and Level Annotations

Branches:
Dungeon (3/15)

Altars:

Shops:
D:2 (

Annotations:
D:3 3 runed translucent doors, BigPumpCobain's ghost, amateur OpTm


Innate Abilities, Weirdness & Mutations

You cannot be hasted, slowed, berserked, paralysed or teleported.
You can dig through walls and to a lower floor.
You have a pair of large antennae on your head. (SInv)
Your four strong arms can wield two-handed weapons with a shield.


Message History

The river rat attacks as you move away!
The river rat bites you but does no damage.
The river rat attacks as you move away!
The river rat bites you but does no damage.
You slash the river rat!
The river rat is almost dead.
The river rat closely misses you.
You closely miss the river rat.
The river rat is almost dead.
The river rat barely misses you.
You closely miss the river rat. You barely miss the river rat.
The river rat bites you but does no damage.
The river rat bites you.
You slash the river rat!
The river rat is severely wounded.
You hit the river rat but do no damage. The river rat bites you.
The river rat bites you but does no damage.
The river rat barely misses you.
The river rat bites you but does no damage.
You hit the river rat but do no damage.
The river rat is severely wounded.
You hit the river rat but do no damage. The river rat barely misses you.
The river rat bites you!
You hit the river rat.
The river rat is almost dead.
You barely miss the river rat.
The river rat bites you but does no damage.
The river rat bites you.
* * * LOW HITPOINT WARNING * * *
You completely miss the river rat.
The river rat is almost dead.
You hit the river rat.
The river rat bites you but does no damage. x2
The river rat bites you.
* * * LOW HITPOINT WARNING * * *
The river rat barely misses you.
You hit the river rat.
You kill the river rat!
You closely miss the river rat. The river rat bites you!
You die...

***,~~~*~~~* *,...~~#~∩~*
######### #####**,#.~~~#~~~*
#.......# #...,,,,...~~+#+##
.....##.###.#####*#..~~~~~~#
................# #.r.~~.~~#
....[...###.###.# #.....~~.#
........# #.###.###r†......#
........# #.....@.grS†....#*
#....)..# #####.r##########
#####.### ##.# #.# #.# ##'##
#.# ##...## #.# ##.....##
***#.#*** ##.......##
*,,...,,*
#.!.......#**,,,,**,*


You could see 2 river rats, a goblin, a ball python and a rat.

Vanquished Creatures
  A jelly (D:3)
  4 adders (D:2)
  A river rat (D:3)
  A worm (D:2)
  A dart slug (D:1)
  An orc (D:3)
  3 bats
  3 endoplasms
  3 giant cockroaches
  2 goblins
  6 hobgoblins
  2 jackals (D:1)
  8 kobolds
  2 quokkas
  4 ball pythons
  6 rats
48 creatures vanquished.

Notes
Turn   | Place    | Note
-------+----------+-------------------------------------------
     0 | D:1      | lonewolfV2 the Formicid Fighter began the quest for the
                  | Orb.
     0 | D:1      | Reached XP level 1. HP: 18/18 MP: 1/1
   162 | D:1      | Reached XP level 2. HP: 24/24 MP: 2/2
   407 | D:1      | Found a faded altar of an unknown god.
   526 | D:1      | Reached XP level 3. HP: 30/30 MP: 3/3
  1039 | D:2      | Reached XP level 4. HP: 33/37 MP: 4/4
  1079 | D:2      | Found Xigoi's Weapon Shop.
  1652 | D:3      | Found a runed translucent gate.
  1653 | D:3      | Found a runed translucent gate.
  1658 | D:3      | Found a runed translucent gate.
  1667 | D:3      | Noticed BigPumpCobain's ghost (amateur OpTm)
  1700 | D:3      | Reached XP level 5. HP: 40/43 MP: 5/5
  1757 | D:3      | Slain by a river rat

Illustrated notes

Levels and vault maps discovered:
D:1:      minmay_arrival_three_doors, layout_loops_ring,
          dilly_ecumenical_altar_fadedgnrine, minmay_pentomino_v2
D:2:      layout_basic, serial_shops, nicolae_shop_trees, minmay_3d_cube
D:3:      layout_loops_corners, mainiacjoe_overflow_brackets,
          gammafunk_ghost_split, portal_sewer_entry_e, roderic_serpentine_path

Skill      XL: |  1  2  3 |
---------------+----------+-----
Fighting       | 4 |  4.9
Armour         | 4 |  4.9
Axes           | |  2.0
Shields        | |  4.0

Action                     |  1- 3 |  4- 6 || total
---------------------------+-------+-------++-------
  Melee: War axe           |    72 |    47 ||   119
    Use: Scroll            |     5 |     5 ||    10
 Armour: Scale mail        |    42 |    11 ||    53
         Chain mail        |       |    22 ||    22
  Dodge: Dodged            |    39 |    26 ||    65
  Block: Buckler           |    17 |    13 ||    30
